 Dungeon Crawl Stone Soup version 0.29.0-4-gdea44cf6ec (webtiles) character file.

Game seed: 2107058152798167712

69 qw the Chopper (level 4, -8/26 HPs)
             Began as a Tengu Warper on Aug 28, 2022.
             Killed by divine providence
             ... invoked by an orc priest
              (14 damage)
             ... on level 2 of the Dungeon.
             The game lasted 00:00:13 (2209 turns).

qw the Chopper (Tengu Warper)                       Turns: 2209, Time: 00:00:13

Health: -8/26      AC:  3    Str: 18 (19) XL:     4   Next: 20%
Magic:  8/8        EV: 12    Int: 13      God:
Gold:   131        SH:  0    Dex: 14      Spells: 7/7 levels left

rFire   . . .      SeeInvis .   Y - +0 broad axe
rCold   . . .      Faith    .   (no shield)
rNeg    . . .      Spirit   .   b - +0 leather armour
rPois   .          Reflect  .   (helmet restricted)
rElec   .          Harm     .   (no cloak)
rCorr   .          Rampage  .   (no gloves)
Will    .....                   (boots unavailable)
Stlth   +.........              (no amulet)
HPRegen 0.08/turn               l - +6 ring of strength
MPRegen 0.11/turn               (no ring)

@: no status effects
A: beak, talons 3
a: no special abilities


You were on level 2 of the Dungeon.
You visited 1 branch of the dungeon, and saw 2 of its levels.

You collected 131 gold pieces.


Innate Abilities, Weirdness & Mutations

You have a beak for a mouth.
You have claws for feet.


   Skills:
 - Level 2.0 Fighting
 + Level 4.8 Axes
 - Level 1.0 Throwing
 - Level 1.1 Armour
 - Level 2.1 Dodging
 - Level 2.0 Spellcasting
 - Level 2.4 Translocations


You had 7 spell levels left.
You didn't know any spells.
Your spell library contained the following spells:

 Spells                   Type           Power      Damage    Failure   Level
 Blink                    Tloc           14%        N/A       17%         2
 Gell's Gravitas          Tloc           7%         N/A       34%         3
 Lesser Beckoning         Tloc           7%         N/A       34%         3
 Teleport Other           Tloc           7%         N/A       34%         3
 Manifold Assault         Tloc           7%         N/A       97%         5

Inventory:

Hand Weapons
 e - a +0 flail
 Y - a +0 broad axe (weapon)
Armour
 b - a +0 leather armour (worn)
Jewellery
 f - a ring of see invisible
 l - a +6 ring of strength (left hand)
Scrolls
 i - a scroll of identify {unknown}
Potions
 a - a potion of haste {unknown}
 c - a potion of cancellation {unknown}
 d - 2 potions of curing {unknown}
 g - a potion of brilliance {unknown}
 h - a potion of flight {unknown}

Dungeon Overview and Level Annotations

Branches:
Dungeon (2/15)

Altars:


Message History

A ball python comes into view.
The ball python hisses angrily.
You slash the ball python!
You kill the ball python!
You see here a ball python corpse.
You see here a ball python corpse. 2 orcs come into view.
The orc shouts!
You hear a shout!
An orc wizard comes into view. It is wielding a +0 dagger of venom.
An orc priest comes into view. It is wielding a +0 war axe.
You hear a shout!
2201 ||| Stepping ~*~*~tactically~*~*~ (stealth).
You hear a shout!
You see here a ball python corpse.
An orc priest and 2 orcs come into view.
The orc priest shouts!
The orc shouts!
2203 ||| Stepping ~*~*~tactically~*~*~ (hiding).
You see here a ball python corpse.
You barely miss the orc. The orc hits you with a +0 hand axe.
You hit the orc but do no damage. Your kick misses the orc.
The orc barely misses you. x2
You closely miss the orc. You hit the orc but do no damage.
The orc priest calls down the wrath of Beogh upon you.
Beogh smites you! The orc completely misses you.
The orc hits you with a +0 hand axe.
You hear a shout!
You slash the orc!
You kill the orc!
You slash the orc!
The orc priest looks braver for a moment.
The orc misses you.
You slash the orc!
You kill the orc!
You hit the orc. The orc hits you with a +0 dagger.
The orc priest mumbles some strange prayers to Beogh against you.
Beogh smites you!
Ouch! That really hurt!
You die...

##......#
#......######
#...........##
##.########..###
#.# ##...# #.#
###.# #.# #.###
#.# ########...#
#.# ........@o.#
#.# #########).#
#.. ...o.....#
.8.o.8.o.#
o.o......#
.o.......#
.........#
.8...8..##
........#


You could see an orc priest and an orc.

Vanquished Creatures
  2 adders (D:2)
  A worm (D:2)
  A dart slug (D:1)
  2 orcs (D:2)
  3 endoplasms (D:1)
  4 giant cockroaches
  4 goblins
  8 hobgoblins
  3 kobolds
  A quokka (D:1)
  4 ball pythons
  3 bats (D:2)
  6 frilled lizards (D:2)
  2 rats
44 creatures vanquished.

Vanquished Creatures (others)
  8 plants (D:2)
8 creatures vanquished.

Grand Total: 52 creatures vanquished

Notes
Turn   | Place    | Note
-------+----------+-------------------------------------------
     0 | D:1      | qw the Tengu Warper began the quest for the Orb.
     0 | D:1      | Reached XP level 1. HP: 12/12 MP: 4/4
     0 | D:1      | 0 ||| qw: Version: 0.1-a-89-g26bdef1
     0 | D:1      | 0 ||| qw: Game counter: 2795
     0 | D:1      | 0 ||| qw: Always use a shield: true
     0 | D:1      | 0 ||| qw: God list: Okawaru
     0 | D:1      | 0 ||| qw: Allow faded altars: false
     0 | D:1      | 0 ||| qw: Do Orc after D:15 true
     0 | D:1      | 0 ||| qw: Do second Lair branch before Depths: true
     0 | D:1      | 0 ||| qw: Lair rune preference: random
     0 | D:1      | 0 ||| qw: Plans: Normal
     0 | D:1      | 0 ||| PLANNING D:1-11
   194 | D:1      | 194 ||| Stepping ~*~*~tactically~*~*~ (stealth).
   200 | D:1      | 200 ||| Stepping ~*~*~tactically~*~*~ (stealth).
   203 | D:1      | 203 ||| Stepping ~*~*~tactically~*~*~ (stealth).
   207 | D:1      | 207 ||| Stepping ~*~*~tactically~*~*~ (stealth).
   209 | D:1      | 209 ||| Stepping ~*~*~tactically~*~*~ (stealth).
   212 | D:1      | Reached XP level 2. HP: 13/17 MP: 6/6
   213 | D:1      | 213 ||| Stepping ~*~*~tactically~*~*~ (stealth).
   222 | D:1      | 222 ||| Stepping ~*~*~tactically~*~*~ (stealth).
   226 | D:1      | 226 ||| Stepping ~*~*~tactically~*~*~ (stealth).
   284 | D:1      | 284 ||| Stepping ~*~*~tactically~*~*~ (stealth).
   286 | D:1      | 286 ||| Stepping ~*~*~tactically~*~*~ (stealth).
   287 | D:1      | 287 ||| Stepping ~*~*~tactically~*~*~ (stealth).
   297 | D:1      | Reached skill level 3 in Axes
   547 | D:1      | Found a faded altar of an unknown god.
   613 | D:1      | 613 ||| Stepping ~*~*~tactically~*~*~ (stealth).
   614 | D:1      | 614 ||| Stepping ~*~*~tactically~*~*~ (stealth).
   679 | D:1      | 679 ||| DROPPING +0 club.
   747 | D:1      | 747 ||| DROPPING +0 mace.
   763 | D:1      | 763 ||| SWAPPING to +0 broad axe.
   764 | D:1      | 764 ||| DROPPING +0 hand axe.
   933 | D:1      | 933 ||| UPGRADING to +6 ring of strength.
   934 | D:1      | 934 ||| READING scroll labelled RUVANECHAOWI.
   935 | D:1      | 935 ||| DRINKING 3 sedimented black potions.
   936 | D:1      | 936 ||| DRINKING 2 viscous orange potions.
  1037 | D:1      | 1037 ||| DROPPING scroll of blinking.
  1038 | D:1      | 1038 ||| DROPPING 2 potions of degeneration.
  1039 | D:1      | 1039 ||| DROPPING potion of ambrosia.
  1070 | D:2      | 1070 ||| DROPPING +0 whip of venom.
  1075 | D:2      | 1075 ||| Stepping ~*~*~tactically~*~*~ (stealth).
  1076 | D:2      | 1076 ||| Stepping ~*~*~tactically~*~*~ (stealth).
  1086 | D:2      | Reached XP level 3. HP: 17/21 MP: 7/7
  1221 | D:2      | Reached skill level 4 in Axes
  1221 | D:2      | HP: 5/21 [poisoned by an adder]
  1224 | D:2      | HP: 2/21 [poisoned by an adder]
  1642 | D:2      | 1642 ||| Stepping ~*~*~tactically~*~*~ (stealth).
  1644 | D:2      | 1644 ||| Stepping ~*~*~tactically~*~*~ (stealth).
  1759 | D:2      | 1759 ||| Stepping ~*~*~tactically~*~*~ (stealth).
  1763 | D:2      | Reached XP level 4. HP: 20/26 MP: 8/8
  1861 | D:2      | 1861 ||| Stepping ~*~*~tactically~*~*~ (stealth).
  1863 | D:2      | 1863 ||| Stepping ~*~*~tactically~*~*~ (stealth).
  1907 | D:2      | 1907 ||| Stepping ~*~*~tactically~*~*~ (stealth).
  2201 | D:2      | 2201 ||| Stepping ~*~*~tactically~*~*~ (stealth).
  2203 | D:2      | 2203 ||| Stepping ~*~*~tactically~*~*~ (hiding).
  2209 | D:2      | HP: 6/26 [orc/+0 dagger (1)]
  2209 | D:2      | Killed from afar by an orc priest

Levels and vault maps discovered:
D:1:      minmay_arrival_doors, layout_basic,
          shapermc_ecumenical_altar_mp_vishouse
D:2:      cheibrodos_pilgrimage, layout_basic, dk_noncrumbling_2,
          minmay_lizard_king

Skill      XL: |  1  2  3 |
---------------+----------+-----
Axes           | 3 4 |  4.8
Fighting       | |  2.0
Throwing       | |  1.0
Armour         | |  1.1
Dodging        | |  2.1
Spellcasting   | |  2.0
Translocations | |  2.4

Action                   |  1- 3 |  4- 6 || total
-------------------------+-------+-------++-------
Melee: Hand axe          |    32 |       ||    32
       Peck              |     4 |     2 ||     6
       Kick              |    16 |     2 ||    18
       Broad axe         |    30 |    24 ||    54
Throw: Boomerang         |     7 |       ||     7
  Use: Potion            |     2 |       ||     2
       Scroll            |     1 |       ||     1
Armor: Leather armour    |    15 |     4 ||    19
Dodge: Dodged            |    35 |    12 ||    47

Table legend:
 A = Non-vault XP
 B = Vault XP
 C = Vault XP percentage of total XP
 D = Non-vault monster count
 E = Vault monster count
 F = Vault count percentage of total count
                 A         B        C        D         E       F
            +---------+---------+-------+---------+---------+-------
      Total |      91 |      11 |  10.8 |      37 |       7 |  15.9
            +---------+---------+-------+---------+---------+-------
        D:1 |      32 |       0 |   0.0 |      16 |       0 |   0.0
        D:2 |      59 |      11 |  15.7 |      21 |       7 |  25.0
            +---------+---------+-------+---------+---------+-------
